 Dungeon Crawl Stone Soup version 0.25.1-8-g42b30a86e7 (webtiles) character file.

Game seed: 16255416277779111306

67 Clowwww the Skirmisher (level 4, -2/35 HPs)
             Began as a Demonspawn Fighter on Dec 12, 2020.
             Slain by a black bear (11 damage)
             ... on level 3 of the Dungeon.
             The game lasted 00:04:41 (1858 turns).

Clowwww the Skirmisher (Demonspawn Fighter)         Turns: 1858, Time: 00:04:42

Health: -2/35      AC:  9    Str: 17    XL:     4   Next: 0%
Magic:  4/4        EV:  7    Int: 10    God:
Gold:   117        SH:  9    Dex: 12    Spells: 3/3 levels left

rFire    . . .     SeeInvis .   a - +0 war axe
rCold    . . .     Gourm    .   c - +0 kite shield
rNeg     . . .     Faith    .   b - +0 scale mail
rPois    .         Spirit   .   (no helmet)
rElec    .         Reflect  .   (no cloak)
rCorr    .         Harm     .   (no gloves)
MR       .....                  m - +0 pair of boots (curse)
Stlth    ..........             (no amulet)
HPRegen  0.11/turn              (no ring)
MPRegen  0.09/turn              (no ring)

@: mighty, lethally poisoned (-2 -> -21), lightly drained
A: slimy green scales 1
a: no special abilities


You were on level 3 of the Dungeon.
You were not hungry.

You visited 1 branch of the dungeon, and saw 3 of its levels.

You collected 117 gold pieces.

Inventory:

Hand Weapons
 a - a +0 war axe (weapon)
Armour
 b - a +0 scale mail (worn)
 c - a +0 kite shield (worn)
 m - a cursed +0 pair of boots (worn)
Scrolls
 e - 4 scrolls of identify {unknown}
 h - a scroll of teleportation {unknown}
 i - 2 scrolls of fog {unknown}
 j - 2 scrolls of blinking {unknown}
 k - 2 scrolls of enchant weapon {unknown}
 n - 2 scrolls of remove curse {unknown}
Potions
 d - 3 potions of might
 g - 5 potions of heal wounds {unknown}
 o - a potion of curing {unknown}
Comestibles
 f - 8 rations
 l - a chunk of flesh


   Skills:
 + Level 3.4(3.3) Fighting
 + Level 2.6(2.5) Axes
 + Level 3.1(3.0) Armour
 + Level 0.3 Dodging
 + Level 3.1 Shields


You had 3 spell levels left.
You didn't know any spells.
Your spell library was empty.

Dungeon Overview and Level Annotations

Branches:
Dungeon (3/15)

Altars:
Yredelemnul
The Shining One


Innate Abilities, Weirdness & Mutations

You are partially covered in slimy green scales. (AC +2)


Message History

The black bear barely misses you.
The kobold throws a poisoned dart.
You block the poisoned dart.
You barely miss the black bear.
The black bear is severely wounded.
You feel sick. The black bear barely misses you.
You block the black bear's attack. The black bear claws you.
The kobold throws a poisoned dart.
The poisoned dart completely misses you.
The black bear bites you. You block the black bear's attack. x2
You barely miss the black bear.
The black bear is severely wounded.
You feel sick.
The black bear barely misses you. x2; The black bear claws you.
* * * LOW HITPOINT WARNING * * *
You block the black bear's attack.
The black bear claws you but does no damage.
You block the black bear's attack.
The kobold throws a poisoned dart.
The poisoned dart hits you!
You are more poisoned.
The black bear bites you!
You die...

.......(....
..........>
##..........
......... .
#.........
#.....#.#..
.#..#..h†......
.......@.......
.##.#..#..###..
#.... .%#
....... ....
....... ..#..
.###### %......
.....K. .... ..


You could see a black bear (berserk) and a kobold.

Vanquished Creatures
  2 adders (D:2)
  An ooze (D:2)
  A worm (D:2)
  2 leopard geckos (D:2)
  11 bats
  2 giant cockroaches
  5 hobgoblins
  A quokka (D:2)
  A frilled lizard (D:1)
  3 goblins (D:1)
  4 kobolds
  8 rats
41 creatures vanquished.

Vanquished Creatures (others)
  A goblin (D:2)
1 creature vanquished.

Grand Total: 42 creatures vanquished

Notes
Turn   | Place    | Note
-------+----------+-------------------------------------------
     0 | D:1      | Clowwww the Demonspawn Fighter began the quest for the Orb.
     0 | D:1      | Reached XP level 1. HP: 18/18 MP: 1/1
   457 | D:1      | Gained mutation: You are partially covered in slimy green
                  | scales. (AC +2) [demonic ancestry]
   457 | D:1      | Reached XP level 2. HP: 24/24 MP: 2/2
  1193 | D:2      | Reached XP level 3. HP: 29/29 MP: 3/3
  1653 | D:2      | Found a glowing golden altar of the Shining One.
  1681 | D:2      | Found a basalt altar of Yredelemnul.
  1683 | D:2      | Noticed a profane servitor
  1823 | D:2      | Noticed an angel
  1850 | D:3      | Noticed a black bear
  1856 | D:3      | Reached XP level 4. HP: 26/35 MP: 4/4
  1858 | D:3      | Slain by a black bear

Illustrated notes

Levels and vault maps discovered:
D:1:      matt_arrival_refuge, layout_loops_corners
D:2:      layout_basic, grunt_temple_overflow_holy_war, interstate_on_off,
          minmay_split_cup_large
D:3:      layout_basic, yredelemnul_altar_generic

Skill      XL: |  1  2 |
---------------+-------+-----
Shields        | 3 |  3.1
Axes           | 2 |  2.6
Armour         | 3 |  3.1
Fighting       | |  3.4
Dodging        | |  0.3

Action                   |  1- 3 |  4- 6 || total
-------------------------+-------+-------++-------
Melee: War axe           |   105 |     2 ||   107
  Use: Potion            |     1 |       ||     1
  Eat: Chunk             |     3 |       ||     3
Armor: Scale mail        |    73 |     3 ||    76
Dodge: Dodged            |    39 |     7 ||    46
Block: Kite shield       |    63 |     7 ||    70
